 Dungeon Crawl Stone Soup version 0.20.1-1-g8b1a95d (console) character file.

170 hilaritas the Slasher (level 5, -18/41 HPs)
             Began as a Formicid Fighter on Nov 6, 2017.
             Was a Follower of Qazlal.
             Demolished by a two-headed ogre
             ... wielding a +0 giant spiked club
              (20 damage)
             ... on level 5 of the Dungeon.
             The game lasted 00:06:41 (3113 turns).

hilaritas the Slasher (Formicid Fighter)            Turns: 3113, Time: 00:06:42

Health: -18/41     AC: 10    Str: 22    XL:     5   Next: 80%
Magic:  5/5        EV:  6    Int:  7    God:    Qazlal [*.....]
Gold:   169        SH: 11    Dex: 10    Spells: 4/4 levels left

rFire    . . .     SeeInvis +   a - +0 long sword
rCold    . . .     Gourm    .   c - +0 shield
rNeg     . . .     Faith    .   y - +0 chain mail
rPois    .         Spirit   .   (helmet unavailable)
rElec    .         Reflect  .   (no cloak)
rCorr    .         Harm     .   (no gloves)
MR       .....                  e - +0 pair of boots
Stlth    ..........             (no amulet)
Regen    0.2/turn               (no ring)
MPRegen  0.1/turn               (no ring)

@: no status effects
A: permanent stasis, dig shafts and tunnels, four strong arms, antennae 3
a: Dig, Shaft Self, Renounce Religion


You were on level 5 of the Dungeon.
You worshipped Qazlal.
Qazlal was aware of your devotion.
You were not hungry.

You visited 1 branch of the dungeon, and saw 4 of its levels.

You collected 169 gold pieces.

Inventory:

Hand Weapons
 a - a +0 long sword (weapon)
 m - a +0 dagger
Armour
 c - a +0 shield (worn)
 e - a +0 pair of boots (worn)
 y - a +0 chain mail (worn)
Jewellery
 g - an uncursed ring of fire {unknown}
Scrolls
 k - a scroll of noise {unknown}
 l - a scroll of fog {unknown}
 o - 2 scrolls of identify {unknown}
 q - a scroll of amnesia {unknown}
 s - a scroll of enchant weapon {unknown}
 v - a scroll of remove curse {unknown}
 w - 2 scrolls of magic mapping {unknown}
 z - a scroll of enchant armour {unknown}
Potions
 d - a potion of might
 h - a potion of flight {unknown}
 i - a potion of ambrosia {unknown}
 j - a potion of magic {unknown}
 n - 2 potions of haste {unknown}
 p - a potion of curing {unknown}
 r - 2 potions of mutation {unknown}
 t - a potion of cancellation {unknown}
Comestibles
 f - 2 bread rations
 u - a fruit
 x - 2 meat rations


   Skills:
 - Level 3.2 Fighting
 * Level 5.0 Long Blades
 - Level 3.2 Armour
 + Level 4.3 Shields
 * Level 1.0 Invocations


You had 4 spell levels left.
You didn't know any spells.

Dungeon Overview and Level Annotations

Branches:
Dungeon (3/15)

Altars:
Hepliaklqana
Qazlal


Innate Abilities, Weirdness & Mutations

You cannot be hasted, slowed, berserked, paralysed or teleported.
You can dig through walls and to a lower floor.
Your four strong arms can wield two-handed weapons with a shield.
You have a pair of large antennae on your head. (SInv)


Message History

You slash the jackal skeleton!
You destroy the jackal skeleton!
Qazlal accepts your kill.
You see here an adder corpse.
You butcher the adder corpse.
b - a chunk of flesh Eating a chunk of flesh.
You eat the chunk of flesh.
This raw flesh tastes terrible.
You now have 169 gold pieces (gained 4).
A two-headed ogre comes into view. It is wielding two giant spiked clubs.
Found a scroll labeled HOPEZX DUWUO.
You slash the two-headed ogre!
The two-headed ogre is lightly wounded.
The two-headed ogre hits you with a giant spiked club! x2
You slash the two-headed ogre!
The two-headed ogre is moderately wounded.
The two-headed ogre hits you with a giant spiked club!
* * * LOW HITPOINT WARNING * * *
The two-headed ogre hits you with a giant spiked club!!
You die...

..####### #.#.....
###.#....##
.........###
#......... #.......
##### #...?.#
#...#######
##..@O#####.#.......#
#...........#######.#
#....######## #.#
#..### #.# #.. #.#
#.. #.. #. #.. #. #..
#.. ##. #.


You could see a two-headed ogre.

Vanquished Creatures
  A quasit (D:5)
  4 gnolls (D:3)
  4 adders
  2 worms
  A dart slug (D:2)
  3 leopard geckos
  2 orcs (D:3)
  6 bats
  4 giant cockroaches
  3 goblins
  2 hobgoblins
  10 jackals
  A quokka (D:2)
  A ball python (D:2)
  A frilled lizard (D:2)
  A jackal skeleton (D:5)
  5 kobolds
  5 rats
56 creatures vanquished.

Notes
Turn   | Place    | Note
-------+----------+-------------------------------------------
     0 | D:1      | hilaritas the Formicid Fighter began the quest for the Orb.
     0 | D:1      | Reached XP level 1. HP: 18/18 MP: 1/1
   421 | D:1      | Reached XP level 2. HP: 24/24 MP: 2/2
   950 | D:2      | Reached XP level 3. HP: 27/29 MP: 3/3
  1130 | D:2      | Reached skill level 3 in Long Blades
  1312 | D:2      | Reached XP level 4. HP: 31/35 MP: 4/4
  1533 | D:2      | Found a hazy altar of Hepliaklqana.
  1533 | D:2      | Found a stormy altar of Qazlal.
  1541 | D:2      | Became a worshipper of Qazlal Stormbringer
  2257 | D:3      | Reached skill level 4 in Long Blades
  2608 | D:3      | Reached XP level 5. HP: 35/41 MP: 5/5
  2778 | D:3      | Reached * piety under Qazlal
  2967 | D:3      | You fall through a shaft for 2 floors!
  2967 | D:5      | Entered Level 5 of the Dungeon
  2979 | D:5      | Reached skill level 1 in Invocations
  3049 | D:5      | Reached skill level 5 in Long Blades
  3059 | D:5      | Noticed a two-headed ogre
  3113 | D:5      | HP: 2/41 [two-headed ogre/giant spiked club (15)]
  3113 | D:5      | Demolished by a two-headed ogre

Skill      XL: |  1  2  3  4  5 |
---------------+----------------+-----
Shields        | 4 |  4.3
Long Blades    | 3 4 5 |  5.0
Invocations    | 1 |  1.0
Fighting       | |  3.2
Armour         | |  3.2

Action                   |  1- 3 |  4- 6 || total
-------------------------+-------+-------++-------
Melee: Long sword        |    77 |   137 ||   214
  Eat: Chunk             |     1 |     6 ||     7
Armor: Scale mail        |    44 |    15 ||    59
       Chain mail        |       |    64 ||    64
Dodge: Dodged            |    21 |    41 ||    62
Block: Shield            |    47 |    64 ||   111
       Rpst.: Long sword |     7 |    13 ||    20
